[Event "Romanian Superleague 2022"]
[Site "Oradea"]
[Date "2022.09.26"]
[Round "6.25"]
[White "Efimenko, Zahar"]
[Black "Sumets, Andrey"]
[Result "1/2-1/2"]
[ECO "D02"]
[WhiteElo "2599"]
[BlackElo "2513"]
[Annotator "TA"]
[PlyCount "85"]
[EventDate "2022.09.21"]
[EventType "team-tourn"]
[EventCountry "ROU"]
[SourceTitle "playchess.com"]
[Source "ChessBase"]
[SourceQuality "1"]
[TimeControl "40/5400+30:1800+30"]

1. d4 d5 2. Nf3 Nf6 3. Bf4 c5 4. e3 Nc6 5. Nbd2 e6 6. c3 Be7 {[%emt 0:00:24] 6...Nh5 is a critical line.} 7. h3 {[%emt 0:09:15] The position is equal.} Bd6 {[%emt 0:00:20] D02: 1 d4 d5 2 Nf3 sidelines, including 2...Nf6 3 g3 and 2...Nf6 3 Bf4.} 8. dxc5 Bxc5 9. Bd3 Bd6 10. Bxd6 Qxd6 11. O-O O-O 12. Qc2 {[%emt 0:01:11] [#]} Rd8 $146 ({Predecessor:} 12... Bd7 13. Rad1 Rac8 14. Qb1 Ne5 15. Nxe5 Qxe5 16. e4 Qh5 17. Rfe1 Ba4 18. b3 Bc6 {0-1 (46) Henrichs,T (2486)-Kunin,V (2541) Zuerich 2017}) 13. Rad1 Bd7 14. e4 h6 15. Rfe1 {[%emt 0:15:29] [#] Hoping for e5.} dxe4 16. Nxe4 Nxe4 17. Bxe4 Qc7 18. Nd4 Nxd4 19. Rxd4 Be8 20. Red1 {[%emt 0:01:26] Threatening Rxd8.} Rxd4 21. Rxd4 Rc8 22. Qd2 b6 23. Bc2 Kf8 24. f4 Ke7 25. Be4 Rd8 26. Rxd8 (26. Bf3 {is interesting.} Qc5 27. Qe3 Rxd4 28. cxd4 Qb4 29. b3) 26... Qxd8 27. Qxd8+ Kxd8 $11 {[%emt 0:00:03][%mdl 4096] Endgame KB-KB} 28. Kf2 Ke7 29. Ke3 Kd6 30. Kd4 g5 31. g3 gxf4 32. gxf4 f6 33. c4 a5 34. b3 Bd7 {[%emt 0:01:15] [#] And now ...e5+ would win.} 35. h4 Be8 36. a3 Bd7 37. b4 axb4 38. axb4 Be8 39. c5+ bxc5+ 40. bxc5+ Kc7 41. Bd3 Bh5 42. Bc4 Bg4 43. Bb5 {[%emt 0:01:06] A balanced but interesting game.  Weighted Error Value: White=0.02 (flawless) /Black=0.00 (flawless)} 1/2-1/2

[Event "Romanian Superleague 2022"]
[Site "Oradea"]
[Date "2022.09.26"]
[Round "6.26"]
[White "Cioara, Andrei-Nestor"]
[Black "Baklan, Vladimir"]
[Result "1/2-1/2"]
[ECO "D02"]
[WhiteElo "2407"]
[BlackElo "2578"]
[Annotator "TA"]
[PlyCount "51"]
[EventDate "2022.09.21"]
[EventType "team-tourn"]
[EventCountry "ROU"]
[SourceTitle "playchess.com"]
[Source "ChessBase"]
[SourceQuality "1"]
[TimeControl "40/5400+30:1800+30"]

1. d4 Nf6 2. Nf3 e6 3. Bf4 d5 4. e3 c5 5. c3 Bd6 6. Bxd6 {[%emt 0:07:32] D02: 1 d4 d5 2 Nf3 sidelines, including 2...Nf6 3 g3 and 2...Nf6 3 Bf4.} Qxd6 7. Ne5 Nbd7 8. f4 Qb6 {[%emt 0:01:25] [#]} 9. Qb3 $146 ({Predecessor:} 9. Qc1 Nxe5 10. fxe5 Ng4 11. Na3 O-O 12. Be2 f5 13. Nb5 Bd7 14. Nd6 Nh6 15. O-O {1-0 (59) Burghoff,S-Reitz,M corr 1998}) 9... O-O 10. Qxb6 axb6 11. Bd3 Nxe5 12. fxe5 Ng4 13. Ke2 $1 f6 {[%emt 0:06:16] [#] White must now prevent ...c4.} 14. h3 Nh6 15. exf6 gxf6 16. Nd2 Bd7 17. Rhf1 Rae8 18. Rf3 e5 19. dxe5 Rxe5 20. Raf1 Rfe8 21. Rg3+ Kf7 {[%emt 0:00:06] The position is equal.} 22. Rgf3 ({Much weaker is} 22. Bxh7 Bf5 23. Rxf5 (23. Bxf5 Nxf5 24. Rxf5 Rxf5 $17) 23... Nxf5 24. Bg6+ Ke6 25. Bxf5+ Rxf5 $17) 22... Kg7 23. Rg3+ Rg5 24. Rxg5+ fxg5 25. Rf2 Re7 (25... g4 $5 ) 26. Nf1 {[%emt 0:09:16] Weighted Error Value: White=0.05 (flawless) /Black=0.07 (flawless)} 1/2-1/2

[Event "Romanian Superleague 2022"]
[Site "Oradea"]
[Date "2022.09.26"]
[Round "6.27"]
[White "Rogozenco, Dorian"]
[Black "Stepanencu, Nicodim-Cosmin"]
[Result "1/2-1/2"]
[ECO "D17"]
[WhiteElo "2438"]
[BlackElo "2289"]
[Annotator "TA"]
[PlyCount "88"]
[EventDate "2022.09.21"]
[EventType "team-tourn"]
[EventCountry "ROU"]
[SourceTitle "playchess.com"]
[Source "ChessBase"]
[SourceQuality "1"]
[TimeControl "40/5400+30:1800+30"]

1. d4 d5 2. c4 c6 3. Nf3 Nf6 4. Nc3 dxc4 5. a4 Bf5 6. Ne5 Nbd7 7. Nxc4 Nb6 8. Ne5 a5 9. f3 {[%emt 0:00:29] D17: Slav Defence: 5 a4 Bf5: Lines with 6 Nh4 and 6 Ne5.} Nfd7 10. Nxd7 Nxd7 {[%emt 0:00:11] 10...Bxd7 is the modern continuation.} 11. e4 {[%emt 0:00:24] White has an edge.} Bg6 12. Be2 e6 {[%emt 0:27:24] 12...Qb6 is vanishing.} 13. O-O Bb4 14. Be3 O-O 15. Kh1 {[%emt 0:01:03] [#]} Kh8 $146 ({Predecessor:} 15... Qe7 16. Qb3 f5 17. Na2 Kh8 18. Nxb4 Qxb4 19. Qxb4 axb4 20. Bd2 fxe4 21. Bxb4 exf3 22. Rxf3 Rxf3 23. Bxf3 {½-½ (87) Postny,E (2571)-Fontaine,R (2507) Stockholm 2005}) 16. Qb3 f5 17. e5 ({Of course not} 17. Qxe6 Nf6 $15) 17... f4 18. Bf2 Qe7 (18... Nb6 {looks sharper.} 19. Qxe6 Nd5 20. Nxd5 Bf5) 19. Bc4 Rfe8 (19... Bf7 $14 {might be stronger.}) 20. Na2 $16 b5 (20... Nb6 $16 {might work better.}) 21. axb5 $18 cxb5 22. Bxb5 Rab8 23. Ba4 {[%emt 0:14:41] White is more active.} Red8 (23... Be1 $16 24. Qd1 Bxf2 25. Rxf2 Red8) 24. Nxb4 Rxb4 (24... axb4 {was called for.} 25. Rfc1 Nb6) 25. Qa3 $1 {[%emt 0:00:01] aiming for Be1.} Nb6 26. Be1 {[%emt 0:06:06] This bishop pair is nice.} Nc4 27. Bxb4 axb4 {[%emt 0:00:02] [#]} 28. Qa2 Ne3 29. Rf2 Rxd4 30. Bb3 h5 31. Bxe6 Kh7 32. Bg8+ Kh6 33. Qe6 Qa7 {[%emt 0:00:40] [#]} 34. Qa2 (34. Rxa7 $2 {gets mated.} Rd1+) (34. Re1 $1 $18) 34... Qc5 $2 (34... Qe7 $1 $11) 35. Bb3 (35. Qe6 {is a self mate.} Rd1+ 36. Rxd1 Nxd1) 35... Qxe5 36. Qa6 (36. Qa8 $18) 36... Rd6 37. Qe2 (37. Qc8 $16) 37... Qd4 (37... Rd3 $11 {keeps the balance.} 38. Bf7 Bf5) 38. Re1 ({White should play} 38. Qe1 $16) 38... Bd3 $1 $11 {[%emt 0:00:31] The position is equal.} 39. Qd2 Qb6 $1 40. Qc1 {[%emt 0:00:00] Prevents Bc4.} Rc6 $1 41. Qd2 Rd6 {[%emt 0:02:24] And now ...Bc4 would win.} 42. Qc1 {[%emt 0:04:47] Against Bc4} Rc6 $1 43. Qd2 Rd6 {[%emt 0:00:33] Strongly threatening ...Bc4.} 44. Qc1 {[%emt 0:00:30] Prevents Bc4. Threatens to win with Rd2.} Rc6 $1 {[%emt 0:00:52] Black defended with fortune.  Weighted Error Value: White=0.34/Black=0.24 (precise)} 1/2-1/2

[Event "Romanian Superleague 2022"]
[Site "Oradea"]
[Date "2022.09.26"]
[Round "6.28"]
[White "Vajda, Albert"]
[Black "Manolache, Marius"]
[Result "0-1"]
[ECO "C00"]
[WhiteElo "2305"]
[BlackElo "2455"]
[Annotator "ChessBase"]
[PlyCount "110"]
[EventDate "2022.09.21"]
[EventType "team-tourn"]
[EventCountry "ROU"]
[SourceTitle "playchess.com"]
[Source "ChessBase"]
[SourceQuality "1"]
[TimeControl "40/5400+30:1800+30"]

1. e4 c5 2. Nf3 e6 3. d3 Nc6 4. g3 Nf6 5. Bg2 d5 6. Nbd2 Be7 7. O-O O-O 8. e5 Nd7 9. Re1 Qc7 10. Qe2 b5 11. Nf1 Bb7 12. Bf4 Rfc8 13. h4 Qd8 14. N1h2 Nf8 15. Ng4 a5 16. h5 Ra6 17. Qd2 Nd4 18. Ng5 h6 19. Nh3 Nh7 20. Ne3 a4 21. Qd1 a3 22. b3 b4 23. g4 Ba8 24. Bh2 Nb5 25. Nf4 Nc3 26. Qd2 Bg5 27. Nd1 Nb5 28. f3 Nd4 29. Ne3 c4 30. Qf2 Bh4 31. Bg3 Bxg3 32. Qxg3 cxb3 33. cxb3 Rc3 34. Rad1 Qb6 35. Qf2 Ng5 36. Kf1 Qc5 37. Rd2 Rc6 38. Ne2 Nxe2 39. Rexe2 Rc1+ 40. Nd1 Bb7 41. f4 Nh7 42. Qxc5 R6xc5 43. Kf2 Ba6 44. Bf1 Nf8 45. Ne3 R5c3 46. Re1 d4 47. Nc4 Rxe1 48. Kxe1 Nd7 49. Kd1 Nc5 50. Be2 Bxc4 51. dxc4 d3 52. Bf3 Nxb3 53. axb3 Rxb3 54. Kc1 Rc3+ 55. Kb1 b3 0-1

[Event "Romanian Superleague 2022"]
[Site "Oradea"]
[Date "2022.09.26"]
[Round "6.29"]
[White "Anton, Teodor"]
[Black "Balla, Tamas-Kristof"]
[Result "1/2-1/2"]
[ECO "A09"]
[WhiteElo "2454"]
[BlackElo "2325"]
[Annotator "TA"]
[PlyCount "154"]
[EventDate "2022.09.21"]
[EventType "team-tourn"]
[EventCountry "ROU"]
[SourceTitle "playchess.com"]
[Source "ChessBase"]
[SourceQuality "1"]
[TimeControl "40/5400+30:1800+30"]

1. Nf3 d5 2. g3 Nf6 3. Bg2 c5 4. O-O Nc6 5. c4 d4 6. e3 e5 7. exd4 exd4 8. d3 Be7 9. a3 {[%emt 0:02:57][%cal Ob2b4] A09: Réti Opening: 1 Nf3 d5 2 c4.} O-O 10. Re1 h6 {[%emt 0:10:57] [#]} 11. Ne5 $146 {[%emt 0:01:34] Black has an edge.} ({Predecessor:} 11. Nbd2 a5 12. Ne5 Nxe5 13. Rxe5 Qc7 14. Re1 Bg4 15. Qb3 Rab8 16. Ne4 Nxe4 17. Bxe4 {½-½ (27) Golubov,S (2492)-Buhmann,R (2625) Moscow 2017}) 11... Nxe5 12. Rxe5 Bd6 13. Re1 Bg4 14. Bf3 Qd7 15. Bxg4 Qxg4 16. Nd2 Qxd1 17. Rxd1 Rfe8 18. Nf3 (18. b4 $5) 18... Re2 (18... a5 $15) 19. Kf1 $11 Rae8 20. Re1 Rxe1+ 21. Nxe1 a6 22. Rb1 b5 23. b4 bxc4 24. dxc4 Rb8 25. Nd3 Ne4 26. Rb2 {[%emt 0:01:23] Black must now prevent f3.} Rc8 $1 27. b5 axb5 28. Rxb5 Kf8 29. f3 Nf6 (29... Nc3 $5 30. Ra5 Re8 $11) 30. a4 Ke8 31. Ba3 Nd7 32. a5 Rc6 33. f4 f5 34. Ke2 Kd8 35. Kf3 h5 36. a6 Rxa6 37. Bxc5 Nxc5 38. Nxc5 {[%emt 0:00:09][%mdl 4096] Endgame KRB-KRN} Ra3+ 39. Ke2 {[%emt 0:01:02] Hoping for Ne6+.} Ra2+ 40. Kd3 Bxc5 41. Rxc5 {[%emt 0:00:18] Strongly threatening Rd5+. KR-KR} g6 42. Rc6 Rxh2 43. Rxg6 h4 $1 44. Kxd4 {[%emt 0:08:18] aiming for gxh4.} Rg2 45. Ke5 Rxg3 46. Rh6 (46. Kxf5 Rxg6 47. Kxg6 h3 48. Kg5 h2 49. c5 h1=Q 50. Kf5 Qc6 51. Ke5 Qxc5+ 52. Ke4 Ke7 53. Kf3 Ke6 54. Ke4 Qc4+ 55. Ke3 Kf5 56. Kf3 Qd3+ 57. Kg2 Kxf4 58. Kh2 Qc2+ 59. Kh1 Kg3 60. Kg1 Qg2#) 46... Re3+ $2 (46... h3 $11) 47. Kxf5 $18 Rc3 48. Ke6 $1 Rxc4 {[%emt 0:02:08] [#]} 49. Rh8+ $1 Kc7 50. f5 Re4+ {[%emt 0:02:57] [#]} 51. Kd5 $2 (51. Kf7 $1 Kd7 52. f6) 51... Rf4 52. Ke5 Rf3 53. Ke6 $2 (53. Rxh4 Kd7 54. Rh7+ Ke8 55. Kf6) 53... Re3+ $11 {[%emt 0:01:17] The position is equal.} 54. Kf7 h3 55. f6 Kd7 56. Rh7 {[%emt 0:02:18] And now Kg8+ would win.} Rg3 57. Rh6 Kd6 58. Rh8 Kd7 59. Rh7 Kd8 60. Rh4 Kd7 61. Rh8 Rf3 62. Rh7 Kd6 63. Rh6 Ke5 64. Ke7 {[%emt 0:09:17] f7 is the strong threat.} Kf5 65. f7 Kg4 66. Rg6+ Kh5 67. Rf6 Re3+ $1 68. Re6 Rf3 (68... Rxe6+ {leads to mate.} 69. Kxe6 Kh4 70. f8=Q Kg3 71. Qf1 h2 72. Kf5 h1=B 73. Qxh1) 69. Rf6 Re3+ $1 70. Kd6 Rd3+ 71. Ke5 Rd8 72. f8=Q Rxf8 73. Rxf8 Kg4 74. Ke4 h2 75. Rg8+ Kh3 76. Rh8+ Kg2 77. Rxh2+ Kxh2 {[%emt 0:00:04] Black defended with fortune.  Weighted Error Value: White=0.23 (precise) /Black=0.23 (precise)} 1/2-1/2

[Event "Romanian Superleague 2022"]
[Site "Oradea"]
[Date "2022.09.27"]
[Round "7.1"]
[White "Sumets, Andrey"]
[Black "Tarlev, Konstantin"]
[Result "1-0"]
[ECO "D38"]
[WhiteElo "2513"]
[BlackElo "2576"]
[Annotator "TA"]
[PlyCount "72"]
[EventDate "2022.09.21"]
[EventType "team-tourn"]
[EventCountry "ROU"]
[SourceTitle "playchess.com"]
[Source "ChessBase"]
[SourceQuality "1"]
[TimeControl "40/5400+30:1800+30"]

1. d4 {[%emt 0:00:02] Metz Alekhine/Primel,D} Nf6 2. c4 e6 3. Nf3 d5 4. Nc3 Bb4 5. cxd5 exd5 6. Bg5 h6 7. Bxf6 Qxf6 8. Qa4+ {[%emt 0:00:00] seems to push 8.Qb3 aside.} Nc6 9. e3 O-O 10. a3 {[%emt 0:02:12] D38: Queen's Gambit Declined: Ragozin Defence (4 Nf3 Bb4).} Bxc3+ 11. bxc3 a6 12. Be2 {[%emt 0:01:42] The position is equal.} b5 13. Qb3 {[%emt 0:01:36] [#]} (13. Bxb5 axb5 $1 14. Qxa8 Bh3 $1 $17 ) 13... Na5 $146 ({Predecessor:} 13... Be6 14. a4 Na5 15. Qb4 Nc4 16. axb5 axb5 17. O-O c6 18. Bxc4 bxc4 19. Ne5 Rxa1 20. Rxa1 {½-½ (27) Eingorn,V (2569)-Sanikidze,T (2549) Metz 2012 EXT 2013 [Metz Alekhine/Primel,D]}) 14. Qxd5 Be6 15. Qe5 Qd8 16. O-O Re8 17. Qf4 {[%emt 0:01:06] White is more active.} Nb3 18. Rad1 {[%emt 0:02:41][%cal Od4d5] d5! is the strong threat.} c6 19. Ne5 Qd6 20. Qe4 Bd5 21. Qc2 {[%emt 0:00:29] Threatens to win with c4.} Na5 22. c4 Nxc4 23. Nxc4 bxc4 24. Bxc4 Qxa3 25. Ra1 Qd6 26. Bxa6 c5 {[%emt 0:04:54] [#]} (26... g6 $16 {was called for.} 27. Bd3 Reb8) 27. Qxc5 $1 $18 Qe6 {[%emt 0:00:04] [#]} (27... Qxc5 28. dxc5) 28. Be2 $1 ({Don't take} 28. Bd3 $6 Bxg2 29. Bf5 (29. Kxg2 Qg4+ 30. Kh1 Qf3+ 31. Kg1 Qg4+ 32. Kh1 Qf3+ 33. Kg1 Qg4+ 34. Kh1 $11) 29... Qd5 $16) 28... Rac8 29. Qb5 Rb8 30. Qd3 Rb3 31. Qd1 Reb8 32. Bf3 Bc4 33. Re1 Rb2 34. Qc1 Bd5 {[%emt 0:03:48] Hoping for ...Bxf3.} 35. e4 Ba2 36. Qc7 Rc8 {[%emt 0:00:19] Weighted Error Value: White=0.05 (flawless) /Black=0.16 (very precise)} 1-0

[Event "Romanian Superleague 2022"]
[Site "Oradea"]
[Date "2022.09.27"]
[Round "7.2"]
[White "Ionescu, Constantin"]
[Black "Cioara, Andrei-Nestor"]
[Result "1/2-1/2"]
[ECO "E12"]
[WhiteElo "2415"]
[BlackElo "2407"]
[Annotator "TA"]
[PlyCount "34"]
[EventDate "2022.09.21"]
[EventType "team-tourn"]
[EventCountry "ROU"]
[SourceTitle "playchess.com"]
[Source "ChessBase"]
[SourceQuality "1"]
[TimeControl "40/5400+30:1800+30"]

1. d4 Nf6 2. Nf3 e6 3. c4 b6 4. a3 Bb7 5. Nc3 d5 6. cxd5 Nxd5 7. Bd2 Be7 8. Qc2 O-O 9. e4 Nxc3 10. Bxc3 Nd7 11. Rd1 Qc8 12. Bd3 Ba6 13. O-O {[%emt 0:00:34] E12: Queen's Indian: Unusual White 4th moves, 4 a3, 4 Nc3 Bb7 5 a3 and 4 Nc3 Bb7 .} Bxd3 14. Rxd3 Qb7 15. Re1 Rfe8 {[%emt 0:01:58] [#]} 16. h3 $146 ({Predecessor:} 16. Nd2 c5 17. d5 exd5 18. exd5 Bf6 19. Ne4 Bxc3 20. Qxc3 Qc7 21. Rde3 Kf8 22. d6 {1-0 (29) Vitiugov,N (2519)-Rodshtein,M (2459) Belfort 2005}) 16... Rad8 17. Nd2 c5 {[%emt 0:12:19] Black did not feel at home in the position after the opening.  Weighted Error Value: White=0.07 (flawless) /Black=0.09 (flawless)} 1/2-1/2

[Event "Romanian Superleague 2022"]
[Site "Oradea"]
[Date "2022.09.27"]
[Round "7.3"]
[White "Stepanencu, Nicodim-Cosmin"]
[Black "Soltanici, Ruslan"]
[Result "0-1"]
[ECO "B51"]
[WhiteElo "2289"]
[BlackElo "2333"]
[Annotator "TA"]
[PlyCount "94"]
[EventDate "2022.09.21"]
[EventType "team-tourn"]
[EventCountry "ROU"]
[SourceTitle "playchess.com"]
[Source "ChessBase"]
[SourceQuality "1"]
[TimeControl "40/5400+30:1800+30"]

1. e4 c5 2. Nf3 Nc6 3. Bb5 d6 4. O-O Bd7 5. Re1 Nf6 6. c3 a6 {[%emt 0:00:16] B51: Sicilian: Moscow Variation (3 Bb5+) without 3...Bd7.} 7. Bc4 b5 8. Bf1 e5 {[%emt 0:09:15] White is slightly better.} 9. a4 b4 10. d4 cxd4 11. cxd4 Be7 {[%emt 0:00:37] [#]} 12. dxe5 $146 ({Predecessor:} 12. Nbd2 exd4 13. Nb3 O-O 14. Nfxd4 d5 15. exd5 Nxd5 16. Qf3 Nxd4 17. Nxd4 Nf6 18. Nc6 Bxc6 19. Qxc6 {½-½ (76) Cornette,M (2591)-Pap,M (2488) Germany 2016}) 12... dxe5 13. Bg5 Ng4 14. Bxe7 Qxe7 15. Nbd2 O-O 16. h3 Nf6 17. Nc4 {[%emt 0:00:01] Prevents Na5.} Rfd8 18. Qc1 Rab8 {[%emt 0:05:50] Prevents Nb6.} 19. a5 Rb5 20. Qe3 Be8 21. Red1 Rxd1 22. Rxd1 Qc5 23. Qe1 (23. Nd6 $16 Qxe3 24. fxe3) 23... Rb8 24. Rc1 {[%emt 0:00:01][%cal Oc4e5] Black must now prevent Ncxe5!} Nxa5 25. Ncxe5 Qb6 26. Rd1 h6 27. Rd4 Nb3 28. Nc4 Qe6 29. Rd6 Qxe4 30. Qd1 Nc5 31. Nfe5 {[%emt 0:00:27][%cal Od6f6] Threatens to win with Rxf6!} Qb7 $2 {[%emt 0:01:52] [#]} (31... Bb5 $11) 32. Qd4 $2 (32. Rxf6 $1 $18 gxf6 33. Ng4) 32... Ne6 33. Qh4 (33. Qe3 $11) 33... Bb5 $17 34. Qg3 $2 {[%emt 0:00:30][%mdl 8192] Loses the game.} (34. Rd1 $17) 34... Ne4 $19 35. Qe3 {[%emt 0:00:30] Rb6 is the strong threat.} Nxd6 36. Nxd6 Qd5 37. Bxb5 Qxd6 ({Not} 37... axb5 $2 38. Nf5 Rb7 39. Ng3 $19) 38. Bc4 a5 {[%emt 0:00:30] Strongly threatening ...Rc8.} 39. Qe4 $2 (39. Nxf7 Kxf7 40. Bxe6+ Qxe6 41. Qf4+ Qf6 42. Qxb8) 39... Ng5 40. Qf4 Qf6 41. Qe3 Re8 {[%emt 0:06:49] Black is clearly winning.} 42. f4 Ne6 43. g3 g5 44. Ng4 Qxb2 45. Nxh6+ Kf8 46. Bxe6 Qb1+ 47. Kf2 Qc2+ {[%emt 0:00:09] Weighted Error Value: White=0.67/Black=0.20 (precise)} 0-1

[Event "Romanian Superleague 2022"]
[Site "Oradea"]
[Date "2022.09.27"]
[Round "7.4"]
[White "Cosma, Ioan"]
[Black "Vajda, Albert"]
[Result "1-0"]
[ECO "E11"]
[WhiteElo "2367"]
[BlackElo "2305"]
[Annotator "TA"]
[PlyCount "51"]
[EventDate "2022.09.21"]
[EventType "team-tourn"]
[EventCountry "ROU"]
[SourceTitle "playchess.com"]
[Source "ChessBase"]
[SourceQuality "1"]
[TimeControl "40/5400+30:1800+30"]

1. Nf3 Nf6 2. c4 e6 3. g3 d5 4. d4 Bb4+ 5. Bd2 Bxd2+ 6. Nbxd2 O-O 7. Bg2 Nbd7 8. O-O c6 9. Qc2 Re8 10. e4 {[%emt 0:01:20] E11: Bogo-Indian.} dxe4 11. Nxe4 Qc7 {[%emt 0:06:01] [#] Inhibits Nd6.} 12. Rfe1 $146 {[%emt 0:07:10] White is better.} ({Predecessor:} 12. Rad1 c5 13. Nxc5 Nxc5 14. dxc5 Qxc5 15. Rfe1 Bd7 16. Ne5 Qc7 17. Nxd7 Nxd7 18. b4 {½-½ (53) Mancic,I (2147)-Voss,H (2097) Nordrheinwestfalen 2019}) 12... h6 13. Nxf6+ Nxf6 14. c5 Bd7 15. Ne5 Rad8 16. Nc4 Bc8 17. Rad1 Nd5 18. a3 b6 19. Rc1 b5 (19... Ne7 $142) 20. Nd6 $16 Rf8 21. Qe4 (21. Bxd5 $18 exd5 22. Re5) 21... Ne7 22. Qe5 {[%emt 0:02:28][%cal Od6f5] [#] Hoping for Nf5!} Rd7 23. Be4 $40 {[%emt 0:03:29][%mdl 128] White wants a kill.} Rfd8 24. h4 {[%emt 0:03:10] White is much more active.} Rxd6 ({Black should try} 24... a5) 25. cxd6 Rxd6 (25... Qxd6 $16 {was called for.} 26. Qc5 Qxc5 27. dxc5 (27. Rxc5 Bb7 $16) 27... a5) 26. Qxb5 $1 {[%emt 0:01:55] Weighted Error Value: White=0.14 (very precise) /Black=0.26 (precise)} 1-0

[Event "Romanian Superleague 2022"]
[Site "Oradea"]
[Date "2022.09.27"]
[Round "7.5"]
[White "Balla, Tamas-Kristof"]
[Black "Itkis, Boris"]
[Result "1/2-1/2"]
[ECO "A02"]
[WhiteElo "2325"]
[BlackElo "2332"]
[Annotator "TA"]
[PlyCount "41"]
[EventDate "2022.09.21"]
[EventType "team-tourn"]
[EventCountry "ROU"]
[SourceTitle "playchess.com"]
[Source "ChessBase"]
[SourceQuality "1"]
[TimeControl "40/5400+30:1800+30"]

1. f4 c5 2. b3 Nc6 3. Bb2 Nf6 4. Nf3 e6 5. e3 b6 6. g3 {[%emt 0:00:27] A02: Bird's Opening.} Bb7 7. Bg2 Be7 8. O-O {[%emt 0:00:22] The position is equal.} O-O 9. Qe2 d5 10. d3 d4 11. e4 b5 {[%emt 0:12:26][%cal Oc5c4] [#]} 12. a4 $146 ({Predecessor:} 12. Nbd2 Rc8 13. h3 Nd7 14. a4 a6 15. Rfc1 e5 16. f5 Bg5 17. Nxg5 Qxg5 18. Kh2 {1-0 (48) Michna,M (2341)-Kachiani Gersinska,K (2318) Magdeburg 2021}) 12... a6 13. h3 Qc7 14. Na3 Qb6 15. g4 Nb4 16. Ne5 {[%emt 0:07:05] Threatens to win with g5.} Rad8 17. g5 Nd7 18. Ng4 f5 19. gxf6 $1 Nxf6 20. Bc1 Nd7 21. Bd2 {[%emt 0:06:48] Weighted Error Value: White=0.08 (flawless) /Black=0.05 (flawless)} 1/2-1/2

[Event "Romanian Superleague 2022"]
[Site "Oradea"]
[Date "2022.09.27"]
[Round "7.6"]
[White "Bulau, Andrei-Cristian"]
[Black "Doncea, Vladimir"]
[Result "1/2-1/2"]
[ECO "E32"]
[WhiteElo "2183"]
[BlackElo "2342"]
[Annotator "TA"]
[PlyCount "67"]
[EventDate "2022.09.21"]
[EventType "team-tourn"]
[EventCountry "ROU"]
[SourceTitle "playchess.com"]
[Source "ChessBase"]
[SourceQuality "1"]
[TimeControl "40/5400+30:1800+30"]

1. d4 Nf6 2. c4 e6 3. Nc3 Bb4 4. Qc2 O-O 5. Nf3 d5 6. cxd5 exd5 7. Bf4 {[%emt 0:02:22] E32: Nimzo-Indian: Classical (4 Qc2): 4...0-0.} c5 8. dxc5 Ne4 {[%emt 0:00:24] [#] aiming for ...Bf5.} 9. e3 {[%emt 0:00:44] The position is equal.} Bf5 {[%emt 0:01:35] White must now prevent ...Nxc3.} 10. Bd3 $1 Nd7 11. c6 bxc6 {[%emt 0:02:51] Strongly threatening ...Ndc5.} 12. O-O Bxc3 13. bxc3 {[%emt 0:00:40] [#]} Bg6 $146 ({Predecessor:} 13... Ndc5 14. Nd4 Bg6 15. Nxc6 Qf6 16. Ne5 Rac8 17. Nxg6 hxg6 18. Rac1 Nxd3 19. Qxd3 Rc5 20. f3 Nxc3 21. Bd6 Qxd6 22. Rxc3 Rfc8 23. Rfc1 {½-½ (23) Schroeder,C (2263)-Koslowski,V (2231) FICGS email 2021}) 14. c4 Ndc5 15. Ne5 Nxd3 16. Nxg6 (16. Qxd3 $14 Rc8 17. Qa3) 16... Nb4 $11 {[%emt 0:06:34] Pair of Knights!} 17. Qa4 hxg6 18. Qxb4 c5 19. Qb7 Nc3 20. cxd5 Qxd5 21. Qb2 {[%emt 0:06:41] Inhibits Ne2+.} Na4 22. Qb5 Nc3 23. Qb2 Ne4 (23... Na4 $11 24. Qc2 Qc6) 24. Rfd1 Qf5 25. f3 Nf6 26. Bd6 {[%emt 0:00:05] [#] Threatens to win with e4.} Rfc8 27. e4 Qg5 28. Qc1 Qxc1 29. Raxc1 Nd7 $1 30. Be7 Rc7 31. Bd6 (31. h4 $14 {is superior.}) 31... Rc6 32. Be7 Rc7 33. Bd6 Rc6 34. Be7 {[%emt 0:00:03] Weighted Error Value: White=0.11 (very precise) /Black=0.09 (flawless)} 1/2-1/2

[Event "Romanian Superleague 2022"]
[Site "Oradea"]
[Date "2022.09.27"]
[Round "7.7"]
[White "Kozak, Adam"]
[Black "Efimenko, Zahar"]
[Result "1/2-1/2"]
[ECO "C24"]
[WhiteElo "2516"]
[BlackElo "2599"]
[Annotator "TA"]
[PlyCount "43"]
[EventDate "2022.09.21"]
[EventType "team-tourn"]
[EventCountry "ROU"]
[SourceTitle "playchess.com"]
[Source "ChessBase"]
[SourceQuality "1"]
[TimeControl "40/5400+30:1800+30"]

1. e4 e5 2. Bc4 Nf6 3. d3 c6 4. Nf3 d5 5. Bb3 Bd6 6. exd5 Nxd5 {[%emt 0:01:57] C24: Bishop's Opening: 2...Nf6.} 7. Nc3 Nxc3 8. bxc3 {[%emt 0:00:06] [#] Black must now prevent Ng5.} O-O $146 ({Predecessor:} 8... Bg4 9. h3 Bh5 10. g4 Bg6 11. h4 h5 12. Ng5 Nd7 13. gxh5 Bxh5 14. Qxh5 Rxh5 15. Bxf7+ {0-1 (29) De Jager,J-Van der Weij,A (2305) Dieren 1991}) 9. Ng5 {[%emt 0:06:14] Threatens to win with Qh5.} h6 10. Ne4 {[%emt 0:00:55] And now Qh5 would win.} Bf5 11. Qf3 Bxe4 12. Qxe4 Qf6 13. O-O Nd7 {[%emt 0:02:13] The position is equal.} 14. Be3 Nc5 15. Bxc5 Bxc5 16. Rae1 Rae8 17. g3 Re7 18. Kg2 Rfe8 19. Qg4 Bd6 20. h4 Kh7 21. Re3 Qg6 22. Qxg6+ {[%emt 0:00:22] An even fight not without its subleties.  Weighted Error Value: White=0.07 (flawless) /Black=0.05 (flawless)} 1/2-1/2